cohdb
Replays
Latest Replays
All Replays
Popular Replays
Top Player Replays
Match Explorer
How It Works
Community
CoH3 Stats
Reddit
Sign in to upload your games and track your stats! →
Sign in with Steam
Match 44404214
Unlisted
Match 44404214
Overview
Messages
Build Orders
End
Panzergrenadier Squad
Panzergrenadier Squad
Construct Light Support Kompanie
Selects Italian Infantry
Panzerjäger Squad
Selects Defensive Operations
Fire Support Elements
2.5-tonne Medical Truck
Panzerjäger Mechanized Group
Construct Panzerarmee Kommand
Selects Guastatori Squad
Selects Registered Artillery
Guastatori Squad
Selects Territory Booby Traps
Panzer III L Medium Tank
Assault Mechanized Group
Flak 36 Anti-tank Gun Team
Guastatori Squad
Walking Stuka Rocket Launcher
Assault Mechanized Group
Registered Artillery
Selects Obice 305mm Barrage
Selects Towed Cannone da 105/28 Field Howitzer
Armored Reserves
Dimitrie 5645
CHawkins
warter
Gwangju's Hero Chun Doo-gwang
0
0
Comments
sign in to comment!
No comments posted yet!